 Dungeon Crawl Stone Soup version 0.31-a0-1159-g800acc2fd1 (webtiles) character file.

Game seed: 2121688298394882341

2 James the Changeling (level 1, -1/15 HPs)
             Began as a Merfolk Shapeshifter on Dec 8, 2023.
             Slain by a gnoll
             ... wielding a +0 spear
              (5 damage)
             ... on level 1 of the Dungeon.
             The game lasted 00:00:40 (132 turns).

James the Changeling (Merfolk Shapeshifter)          Turns: 132, Time: 00:00:41

Health: -1/15      AC:  2    Str: 14    XL:     1   Next: 40%
Magic:  1/1        EV: 12    Int:  9    God:
Gold:   22         SH:  0    Dex: 13    Spells: 0/0 levels left

rFire   . .          .
                       - Unarmed
rCold   . . .        (no shield)
rNeg    . . .        a - +0 animal skin
rPois   .            (helmet currently unavailable)
rElec   .            (cloak currently unavailable)
rCorr   .            (gloves currently unavailable)
SInv    .            (boots currently unavailable)
Will    .....        (no amulet)
Stlth   +            (no ring)
HPRegen 0.22/turn    (no ring)
MPRegen 0.07/turn

%: no passive effects
@: beast-form
A: beast (slay +2), (nimble swimmer 2), mertail
a: Begin Untransformation


You were on level 1 of the Dungeon.
You were a hulking beast.
You visited 1 branch of the dungeon, and saw 1 of its levels.

You collected 22 gold pieces.

Inventory:

Hand Weapons
 i - a +0 sling
   (You found it on level 1 of the Dungeon)
Armour
 a - a +0 animal skin (worn)
 e - a +0 chain mail
   (You found it on level 1 of the Dungeon)
 h - a +0 hat
   (You found it on level 1 of the Dungeon)
Talismans
 c - a beast talisman
 d - a flux talisman
Scrolls
 g - a scroll of fog {unknown}
 j - a scroll of identify {unknown}
Potions
 b - a potion of lignification {!q}


   Skills:
 + Level 1.2 Fighting
 + Level 2.7 Dodging
 * Level 3.4 Unarmed Combat
 - Level 4.0 Shapeshifting


You couldn't memorise any spells.
You didn't know any spells.
Your spell library was empty.

Dungeon Overview and Level Annotations

Branches:
Dungeon (1/15)

Altars:


Innate Abilities, Weirdness & Mutations

You are a hulking beast.
Your limbs bulge with bestial killing power. (Slay +2)
((You are very nimble when in or above water. (Stealth+, EV+, Speed+++)))
Your lower body shifts to a powerful aquatic tail in water.


Message History

A giant cockroach comes into view.
The giant cockroach bites you.
You hit the giant cockroach.
The giant cockroach bites you but does no damage.
The giant cockroach completely misses you.
You barely miss the giant cockroach. The giant cockroach bites you.
You punch the giant cockroach!
You kill the giant cockroach!
No target in view!
No target in view!
You open the door.
There is an open door here.
Found a sling.
A kobold comes into view. It is wielding a +0 club.
Found a scroll labelled FEEROH NU NIFU.
The kobold shouts!
Things that are here:
a +0 sling; 5 gold pieces
i - a +0 sling You now have 22 gold pieces (gained 5).
You punch the kobold!
You kill the kobold!
You see here a +0 club.
j - a scroll labelled FEEROH NU NIFU A gnoll comes into view.
It is wielding a +0 spear.
The gnoll shouts!
Throw: 4 stones
Press: ? - help, Q - select action Shift-Dir - straight line, f - gnoll
Aim: a gnoll, wielding a +0 spear (60% to hit)
You throw a stone. The stone hits the gnoll.
Throw: 3 stones
Press: ? - help, Q - select action Shift-Dir - straight line, f/p - gnoll
Aim: a gnoll, wielding a +0 spear (lightly wounded, 60% to hit)
You throw a stone.
The stone hits the gnoll but does no damage.
Throw: 2 stones
Press: ? - help, Q - select action Shift-Dir - straight line, f/p - gnoll
Aim: a gnoll, wielding a +0 spear (lightly wounded, 60% to hit)
You throw a stone. The stone hits the gnoll.
Throw: stone
Press: ? - help, Q - select action Shift-Dir - straight line, f/p - gnoll
Aim: a gnoll, wielding a +0 spear (moderately wounded, 60% to hit)
You throw a stone. The stone closely misses the gnoll.
Found a hand axe.
The gnoll closely misses you.
You hit the gnoll. The gnoll hits you with a +0 spear.
You hit the gnoll. The gnoll barely misses you.
You barely miss the gnoll. The gnoll hits you with a +0 spear!
* * * LOW HITPOINT WARNING * * *
You hit the gnoll. The gnoll hits you with a +0 spear.
You die...

#....#.#..'.....#
.##.....##.....#
#.###...##########
#.....#.###......#
..##.....)..#.####
#.....##.#.#
#.#.#.##.#.######
#.....##.#......#
########+#h####.#
#......g#
#.).....#
#.......#
........#
........#
.........
..#.####.


You could see a gnoll.

Vanquished Creatures
  A giant cockroach (D:1)
  A kobold (D:1)
  A rat (D:1)
3 creatures vanquished.

Notes
Turn   | Place    | Note
-------+----------+-------------------------------------------
     0 | D:1      | James the Merfolk Shapeshifter began the quest for the Orb.
     0 | D:1      | Reached XP level 1. HP: 15/15 MP: 1/1
   132 | D:1      | Slain by a gnoll

Illustrated notes

Levels and vault maps discovered:
D:1:      dpeg_arrival_chambers_temple_mockup, layout_basic,
          minmay_misc_feat_five, st_stairs_5, minmay_pentomino_x2

Action                     || total
---------------------------++-------
  Melee: Unarmed           ||    10
  Throw: Stone             ||     4
 Armour: Animal skin       ||     7
  Dodge: Dodged            ||     3

Table legend: (Time is in decaauts)
 A = Elapsed time spent in this place.
 B = Non-inter-level travel time spent in this place.
 C = Inter-level travel time spent in this place.
 D = Time resting spent in this place.
 E = Time spent auto-exploring this place.
 F = Levels seen in this place.
 G = Mean time per level.
                   A        B        C        D        E       F      G
               +--------+--------+--------+--------+--------+-----+--------+
         Total |    131 |    131 |      0 |      0 |     92 |   1 |  131.0 |
       Dungeon |    131 |    131 |      0 |      0 |     92 |   1 |  131.0 |
               +--------+--------+--------+--------+--------+-----+--------+

Top non-repeatable levels by time:
     D:1: 131 daAuts
